 Dungeon Crawl Stone Soup version 0.30-a0-6-g7c9e10e132 (webtiles) character file.

Game seed: 1517798600563365696

109 rubashov the Magician (level 5, 0/37 HPs)
             Began as a Djinni Fire Elementalist on Aug 22, 2022.
             Slain by an adder (1 damage)
             ... on level 2 of the Dungeon.
             The game lasted 00:06:03 (2312 turns).

rubashov the Magician (Djinni Fire Elementalist)    Turns: 2312, Time: 00:06:03

Health: 0/37       AC:  9    Str:  7    XL:     5   Next: 13%
Gold:   197        EV: 12    Int: 18    God:
                   SH:  0    Dex: 14

rFire   + + .      SeeInvis .    e - +2 short sword (protect)
rCold   x . .      Faith    .    (no shield)
rNeg    . . .      Spirit   .    a - +0 robe
rPois   ∞          Reflect  .    (no helmet)
rElec   .          Harm     .    k - scarf {shadows}
rCorr   .          Rampage  .    (no gloves)
Will    .....                    (boots unavailable)
Stlth   ++........               (no amulet)
HPRegen 0.12/turn                (no ring)
MPRegen 0.00/turn                (no ring)

@: under a protective aura, flying
A: sickness immunity, fire resistance 2, cold vulnerability 1, float, innate
caster, HP casting, extra vitality 1
a: no special abilities


You were on level 2 of the Dungeon.
You visited 1 branch of the dungeon, and saw 2 of its levels.

You collected 197 gold pieces.

Inventory:

Hand Weapons
 e - a +2 short sword of protection (weapon)
Missiles
 c - 21 stones
Armour
 a - a +0 robe (worn)
 k - a scarf of shadows (worn)
Scrolls
 d - a scroll of blinking {unknown}
 g - a scroll of summoning {unknown}
 i - a scroll of torment {unknown}
Potions
 b - a potion of cancellation {unknown}
 f - a potion of haste {unknown}
 h - a potion of curing {unknown}
 j - a potion of brilliance {unknown}


   Skills:
 * Level 1.0 Fighting
 * Level 2.6 Dodging
 - Level 1.5 Stealth
 * Level 3.9 Spellcasting


You couldn't memorise any spells.
You knew the following spells:

 Your Spells              Type           Power      Damage    Failure   Level
a - Foxfire               Conj/Fire      68%        2x1d7     3%          1
b - Scorch                Fire           34%        2d6       4%          2
c - Conjure Flame         Conj/Fire      17%        6-21      9%          3
d - Inner Flame           Hex/Fire       17%        N/A       9%          3
e - Flame Wave            Conj/Fire      17%        2d7       28%         4
f - Apportation           Tloc           34%        N/A       3%          1
g - Ensorcelled Hibernat  Hex/Ice        34%        N/A       4%          2
Your spell library was empty.

Dungeon Overview and Level Annotations

Branches:
Dungeon (2/15)

Altars:

Shops:
D:2 :==(


Innate Abilities, Weirdness & Mutations

You are immune to sickness and miasma.
You are immune to poison.
Your flesh is very heat resistant. (rF++)
You are vulnerable to cold. (rC-)
You float through the air rather than walking.
You learn spells naturally, not from books.
Your magical power is your life essence.
You have superior vitality. (+4 MHP)


Message History

Flames lash Jessica.
Jessica is heavily wounded.
Jessica's fire resistance burns away.
* * * LOW HITPOINT WARNING * * *
Casting: Scorch (safe; 4% risk of failure)
Confirm with . or Enter, or press ? or * to list all spells.
Flames lash Jessica.
Jessica is burned terribly!
Jessica is almost dead.
* * * LOW HITPOINT WARNING * * *
Casting: Scorch (safe; 4% risk of failure)
Confirm with . or Enter, or press ? or * to list all spells.
Flames lash the adder.
The adder is heavily wounded.
The adder's fire resistance burns away.
* * * LOW HITPOINT WARNING * * *
Jessica misses you.
You barely miss Jessica.
Jessica is severely wounded.
Jessica misses you. The adder misses you.
You puncture Jessica!
Your weapon exudes an aura of protection.
You kill Jessica!
The adder misses you.
Your Fighting skill increases to level 1!
You have reached level 5!
The power to cast Ensorcelled Hibernation wells up from within.
Spell assigned to 'g'.
Casting: Scorch (safe; 4% risk of failure)
Confirm with . or Enter, or press ? or * to list all spells.
Aiming: Ensorcelled Hibernation (safe; 4% risk of failure)
Press: ? - help, Shift-Dir - straight line, f - adder
Aim: an adder (moderately wounded, more vulnerable to fire, chance to affect: 59%)
The adder looks drowsy...
* * * LOW HITPOINT WARNING * * *
The adder is no longer more vulnerable to fire.
The helpless adder fails to defend itself.
You hit the adder.
The adder is severely wounded.
The adder bites you.
You die...

######### ...=.....#####
.............########
......†......##.....##
.@..........##.......
............##.......
.#####........##.......
......)..=...[##.......
.....S@.......#........
........#######........
?........### #.........
...........# #....#....
<.....#.#.#.#......# #....#....
......>..............###....#....
.....#..#.#.#.#..................
.................................
........#.#.#.#..............####


You could see an adder.

Vanquished Creatures
  Jessica (D:2)
  3 adders (D:2)
  2 worms (D:2)
  4 endoplasms
  A giant cockroach (D:1)
  4 goblins (D:1)
  10 hobgoblins
  8 kobolds
  4 ball pythons
  2 bats (D:2)
  4 frilled lizards
  6 rats
49 creatures vanquished.

Vanquished Creatures (others)
  31 foxfires
31 creatures vanquished.

Grand Total: 80 creatures vanquished

Notes
Turn   | Place    | Note
-------+----------+-------------------------------------------
     0 | D:1      | rubashov the Djinni Fire Elementalist began the quest for
                  | the Orb.
     0 | D:1      | rubashov set off with the following spells memorised:
                  | Foxfire, Scorch, Conjure Flame, Inner Flame, Flame Wave.
     0 | D:1      | Reached XP level 1. HP: 15/15 MP: 0/0
   181 | D:1      | Reached XP level 2. HP: 15/21 MP: 0/0
   572 | D:1      | Reached skill level 3 in Spellcasting
   693 | D:1      | Reached XP level 3. HP: 23/26 MP: 0/0
   693 | D:1      | Learned a level 1 spell: Apportation
  1397 | D:2      | Reached XP level 4. HP: 14/31 MP: 0/0
  1565 | D:2      | Found Gyet's Jewellery Shop.
  1744 | D:2      | Found Erpha Xat's Jewellery Shop.
  1883 | D:2      | Found Pamigruq's Book Shop.
  2166 | D:2      | Found Sisaw's Weapon Emporium.
  2301 | D:2      | Noticed Jessica
  2310 | D:2      | Killed Jessica
  2311 | D:2      | Reached skill level 1 in Fighting
  2311 | D:2      | Reached XP level 5. HP: 3/37 MP: 0/0
  2311 | D:2      | Learned a level 2 spell: Ensorcelled Hibernation
  2312 | D:2      | Slain by an adder

Illustrated notes

Levels and vault maps discovered:
D:1:      minmay_arrival_hallway, layout_basic, chequers_serial_rivers_micro_e,
          minmay_surrounded
D:2:      layout_basic, serial_glass, glass_columns_a, glass_columns_c,
          chequers_ecumenical_altar_simple_redux, serial_shops, shop,
          shop_coins, nicolae_shop_statue_plus, shop, nicolae_shop_stone,
          uniq_jessica

Skill      XL: |  1  2  3  4 |
---------------+-------------+-----
Spellcasting   | 3 |  3.9
Fighting       | 1 |  1.0
Dodging        | |  2.6
Stealth        | |  1.5

Action                   |  1- 3 |  4- 6 || total
-------------------------+-------+-------++-------
Melee: Short sword       |     8 |    19 ||    27
 Cast: Foxfire           |    18 |       ||    18
       Scorch            |    24 |    19 ||    43
       Ensorcelled Hiber |       |     1 ||     1
 Stab: Sleeping          |     1 |     1 ||     2
Armor: Robe              |     4 |    13 ||    17
Dodge: Dodged            |    15 |    16 ||    31

Table legend: (Time is in decaauts)
 A = Elapsed time spent in this place.
 B = Non-inter-level travel time spent in this place.
 C = Inter-level travel time spent in this place.
 D = Time resting spent in this place.
 E = Time spent auto-exploring this place.
 F = Levels seen in this place.
 G = Mean time per level.
                   A        B        C        D        E       F      G
               +--------+--------+--------+--------+--------+-----+--------+
         Total |   2313 |   2241 |     72 |   1091 |    811 |   2 | 1156.5 |
       Dungeon |   2313 |   2241 |     72 |   1091 |    811 |   2 | 1156.5 |
               +--------+--------+--------+--------+--------+-----+--------+

Top non-repeatable levels by time:
     D:1: 1271 daAuts
     D:2: 1041 daAuts
